 Dungeon Crawl Stone Soup version 0.27-a0-1147-gb3d8e82157 (webtiles) character file.

Game seed: 12519574577369952581

57 kae the Skirmisher (level 3, -1/29 HPs)
             Began as a Demonspawn Fighter on May 11, 2021.
             Slain by an orc
             ... wielding a +0 war axe
              (5 damage)
             ... on level 3 of the Dungeon.
             The game lasted 00:01:09 (2128 turns).

kae the Skirmisher (Demonspawn Fighter)             Turns: 2128, Time: 00:01:09

Health: -1/29      AC:  7    Str: 17    XL:     3   Next: 73%
Magic:  3/3        EV:  9    Int:  9    God:
Gold:   9          SH:  0    Dex: 12    Spells: 2/2 levels left

rFire    . . .     SeeInvis .   j - +0 great sword
rCold    . . .     Faith    .   (shield currently unavailable)
rNeg     . . .     Spirit   .   b - +0 scale mail
rPois    .         Reflect  .   (no helmet)
rElec    .         Harm     .   h - +0 cloak
rCorr    .         Rampage  .   (no gloves)
Will     .....                  (no boots)
Stlth    ..........             (no amulet)
HPRegen  0.09/turn              (no ring)
MPRegen  0.08/turn              (no ring)

@: no status effects
A: foul stench 1, demonic magic 1
a: no special abilities


You were on level 3 of the Dungeon.
You visited 1 branch of the dungeon, and saw 3 of its levels.

You collected 9 gold pieces.

Inventory:

Hand Weapons
 a - a +0 long sword
 j - a +0 great sword (weapon)
Armour
 b - a +0 scale mail (worn)
 c - a +0 kite shield
 h - a +0 cloak (worn)
Jewellery
 m - an amulet of guardian spirit
Scrolls
 k - a scroll of enchant armour {unknown}
 l - a scroll of identify
 n - a scroll of brand weapon {unknown}
 o - a scroll of teleportation
Potions
 d - a potion of might
 e - 2 potions of haste
 f - a potion of attraction {unknown}
 g - a potion of mutation {unknown}
 i - a potion of heal wounds {unknown}


   Skills:
 + Level 3.6 Fighting
 * Level 3.2 Long Blades
 - Level 2.6 Armour
 - Level 2.6 Shields


You had 2 spell levels left.
You didn't know any spells.
Your spell library was empty.

Dungeon Overview and Level Annotations

Branches:
Dungeon (3/15)

Altars:
Fedhas


Innate Abilities, Weirdness & Mutations

You may rarely emit foul miasma when damaged in melee.
Spells you cast may paralyse adjacent enemies.


Message History

No target in view!
No target in view!
No target in view!
Found an escape hatch in the floor.
No target in view!
No target in view!
A giant cockroach comes into view.
A giant cockroach is nearby!
You barely miss the giant cockroach. The giant cockroach misses you.
You riposte.
You slash the giant cockroach!
You kill the giant cockroach!
Found an escape hatch in the ceiling.
No target in view!
No target in view!
An orc comes into view. It is wielding a +0 flail.
The orc shouts!
You hear a shout! x2
An orc comes into view. It is wielding a +0 club.
You hear a shout! 2 orcs and an orc priest come into view.
The orc shouts!
The orc priest shouts!
The orc shouts!
The orc priest begins to cast a cantrip, but forgets the words!
There are monsters nearby!
You barely miss the orc. The orc priest closely misses you.
The orc barely misses you.
You riposte.
You slash the orc!
You kill the orc!
You barely miss the orc priest.
The orc priest mumbles some strange prayers to Beogh against you.
Beogh smites you! The orc hits you but does no damage.
There are monsters nearby!
You barely miss the orc priest.
The orc priest hits you but does no damage.
The orc hits you with a +0 war axe! The orc barely misses you.
The orc priest looks encouraged for a moment.
The orc hits you with a +0 war axe.
You emit a cloud of foul miasma!
The orc hits you with a +0 flail!
* * * LOW HITPOINT WARNING * * *
You are too injured to fight recklessly!
The orc is engulfed in dark miasma.
The orc is poisoned.
The orc hits you with a +0 war axe.
You die...

........#
.......##
#.......#
###.......#
..........
#....o. #..o#
#.oo#
#####@####
#......<.#
##.###.##.#
#.........#
#..###.##.# ###
#..# ... ..
##.####..##..##
..
#.............#
#
##.####..#.....


You could see an orc priest and 3 orcs.

Vanquished Creatures
  3 dart slugs
  2 orcs (D:3)
  4 ball pythons (D:1)
  2 endoplasms
  2 giant cockroaches
  8 goblins
  4 hobgoblins
  A quokka (D:1)
  4 bats
  5 frilled lizards
  6 kobolds
  4 rats
45 creatures vanquished.

Notes
Turn   | Place    | Note
-------+----------+-------------------------------------------
     0 | D:1      | kae the Demonspawn Fighter began the quest for the Orb.
     0 | D:1      | Reached XP level 1. HP: 18/18 MP: 1/1
    54 | D:1      | Gained mutation: Spells you cast may paralyse adjacent
                  | enemies. [demonic ancestry]
    54 | D:1      | Reached XP level 2. HP: 24/24 MP: 2/2
   574 | D:1      | Gained mutation: You may rarely emit foul miasma when
                  | damaged in melee. [demonic ancestry]
   574 | D:1      | Reached XP level 3. HP: 18/29 MP: 3/3
  1102 | D:2      | Found a faded altar of an unknown god.
  1183 | D:2      | Found a blossoming altar of Fedhas.
  2128 | D:3      | Slain by an orc

Illustrated notes

Levels and vault maps discovered:
D:1:      tarquinn_simple_flora_water_a, layout_rooms, minmay_tree_intersection
D:2:      layout_rooms, basic_altar, basic_ecumenical_altar
D:3:      layout_loops_corners, minmay_crystal_water

Skill      XL: |  1  2  3 |
---------------+----------+-----
Long Blades    | 2 3 |  3.2
Fighting       | |  3.6
Armour         | |  2.6
Shields        | |  2.6

Action                   || total
-------------------------++-------
Melee: Long sword        ||   112
       Great sword       ||    21
  Use: Scroll            ||     5
Armor: Scale mail        ||    64
Dodge: Dodged            ||    38
Block: Kite shield       ||    56
       Rpst.: Long sword ||     4
       Great sword       ||     4

Table legend: (Time is in decaauts)
 A = Elapsed time spent in this place.
 B = Non-inter-level travel time spent in this place.
 C = Inter-level travel time spent in this place.
 D = Time resting spent in this place.
 E = Time spent auto-exploring this place.
 F = Levels seen in this place.
 G = Mean time per level.
                   A        B        C        D        E       F      G
               +--------+--------+--------+--------+--------+-----+--------+
         Total |   2196 |   2085 |    111 |      0 |   1732 |   3 |  732.0 |
       Dungeon |   2196 |   2085 |    111 |      0 |   1732 |   3 |  732.0 |
               +--------+--------+--------+--------+--------+-----+--------+

Top non-repeatable levels by time:
     D:1: 1137 daAuts
     D:2: 566 daAuts
     D:3: 492 daAuts
